3089 views
Uploaded 2020-04-22 14:13:01
Game version 1.32.3
19:00 long 2on2 ladder game on (4)HillsbradCreek
Saved by zebroni
3089 views
Uploaded 2020-04-22 14:13:01
Game version 1.32.3
19:00 long 2on2 ladder game on (4)HillsbradCreek
61 units @ 9.9k
/ 1.3k
27 buildings @ 3.7k
/ 1.3k


| Lesser Clarity Potion | 1 | 70 |
| Scroll of Regeneration | 3 | 300 |
| Potion of Healing | 2 | 300 |
| Staff of Sanctuary | 1 | 250 |
| Potion of Mana | 1 | 200 |
| total: | 8 | 1120g |
| Peasant | 10 | 750 | / | 0 |
| Rifleman | 11 | 2255 | / | 330 |
| Knight | 4 | 980 | / | 240 |
| Mortar Team | 4 | 720 | / | 280 |
| total: | 29 | 4705g | / | 850w |
| Scout Tower | 1 | 30 | / | 20 |
| Arcane Tower | 1 | 70 | / | 50 |
| Blacksmith | 1 | 140 | / | 60 |
| Barracks | 1 | 160 | / | 60 |
| Altar of Kings | 1 | 180 | / | 50 |
| Farm | 8 | 640 | / | 160 |
| Arcane Vault | 1 | 130 | / | 30 |
| Lumber Mill | 1 | 120 | / | 0 |
| Workshop | 1 | 140 | / | 140 |
| Keep | 1 | 320 | / | 210 |
| Castle | 1 | 360 | / | 210 |
| total: | 15 | 1540g | / | 520w |
| 0:01 | Peasant |
| 0:02 | Peasant |
| 0:02 | Peasant |
| 0:25 | Peasant |
| 0:34 | Blacksmith |
| 0:38 | Barracks |
| 0:41 | Altar of Kings |
| 0:50 | Peasant |
| 1:08 | Peasant |
| 1:16 | Peasant |
| 1:21 | Farm |
| 1:26 | Scout Tower |
| 1:35 | Farm |
| 1:43 | Peasant |
| 2:01 | Arcane Tower |
| 2:15 | Rifleman |
| 2:25 | Farm |
| 2:50 | Rifleman |
| 2:51 | Peasant |
| 2:56 | Storm Bolt |
| 3:05 | Farm |
| 3:13 | Peasant |
| 3:36 | Keep |
| 4:32 | Rifleman |
| 4:34 | Arcane Vault |
| 4:44 | Rifleman |
| 4:45 | Black Gunpowder |
| 5:21 | Rifleman |
| 5:24 | Farm |
| 5:57 | Rifleman |
| 5:59 | Long Rifles |
| 6:50 | Rifleman |
| 6:56 | Refined Gunpowder |
| 7:04 | Lesser Clarity Potion |
| 7:11 | Scroll of Regeneration |
| 7:33 | Rifleman |
| 8:00 | Siphon Mana |
| 8:05 | Rifleman |
| 9:19 | Castle |
| 9:26 | Lumber Mill |
| 9:28 | Studded Leather Armor |
| 9:31 | Farm |
| 9:34 | Farm |
| 10:02 | Thunder Clap |
| 10:12 | Banish |
| 10:15 | Rifleman |
| 10:17 | Farm |
| 10:20 | Workshop |
| 10:31 | Improved Masonry |
| 10:31 | Improved Lumber Harvesting |
| 10:40 | Scroll of Regeneration |
| 10:43 | Scroll of Regeneration |
| 10:46 | Potion of Healing |
| 10:48 | Potion of Healing |
| 11:24 | Rifleman |
| 11:27 | Reinforced Leather Armor |
| 12:50 | Knight |
| 12:51 | Knight |
| 12:53 | Mortar Team |
| 13:03 | Thunder Clap |
| 13:14 | Imbued Gunpowder |
| 14:20 | Sundering Blades |
| 14:20 | Animal War Training |
| 14:33 | Fragmentation Shards |
| 14:33 | Flare |
| 14:33 | Mortar Team |
| 14:52 | Advanced Masonry |
| 15:15 | Staff of Sanctuary |
| 15:16 | Potion of Mana |
| 15:31 | Dragonhide Armor |
| 16:03 | Mortar Team |
| 16:37 | Knight |
| 18:25 | Mortar Team |
| 18:26 | Knight |
| 18:56 | Siphon Mana |


| Healing Salve | 4 | 400 |
| Lesser Clarity Potion | 2 | 140 |
| Scroll of Speed | 1 | 50 |
| Potion of Healing | 1 | 150 |
| Tiny Great Hall | 1 | 600 |
| total: | 9 | 1340g |
| Peon | 12 | 900 | / | 0 |
| Grunt | 11 | 2200 | / | 0 |
| Spirit Walker | 5 | 975 | / | 175 |
| Tauren | 4 | 1120 | / | 320 |
| total: | 32 | 5195g | / | 495w |
| Altar of Storms | 1 | 180 | / | 50 |
| Orc Burrow | 5 | 800 | / | 200 |
| Voodoo Lounge | 1 | 130 | / | 30 |
| Barracks | 1 | 180 | / | 50 |
| War Mill | 1 | 205 | / | 0 |
| Great Hall | 1 | 385 | / | 185 |
| Tauren Totem | 2 | 270 | / | 310 |
| Stronghold | 1 | 315 | / | 190 |
| Fortress | 1 | 325 | / | 190 |
| total: | 12 | 2150g | / | 825w |
| 0:02 | Peon |
| 0:02 | Peon |
| 0:05 | Altar of Storms |
| 0:16 | Orc Burrow |
| 0:31 | Peon |
| 0:41 | Peon |
| 0:52 | Voodoo Lounge |
| 1:11 | Peon |
| 1:26 | Barracks |
| 1:37 | Peon |
| 1:44 | Orc Burrow |
| 2:03 | Peon |
| 2:04 | Healing Salve |
| 2:04 | Lesser Clarity Potion |
| 2:09 | Wind Walk |
| 2:43 | Grunt |
| 3:10 | Stronghold |
| 3:16 | Grunt |
| 3:29 | Orc Burrow |
| 3:54 | Grunt |
| 4:37 | Grunt |
| 4:53 | War Mill |
| 4:57 | Healing Salve |
| 4:57 | Healing Salve |
| 5:57 | Tauren Totem |
| 6:05 | Berserker Strength |
| 6:15 | Critical Strike |
| 6:44 | Grunt |
| 6:49 | Grunt |
| 6:56 | Hex |
| 7:18 | Healing Salve |
| 7:26 | Scroll of Speed |
| 7:34 | Spirit Walker |
| 7:37 | Orc Burrow |
| 8:02 | Grunt |
| 8:13 | Spirit Walker Adept Training |
| 8:40 | Grunt |
| 9:03 | Potion of Healing |
| 9:17 | Grunt |
| 9:24 | Spirit Walker |
| 9:32 | Lesser Clarity Potion |
| 9:43 | Steel Melee Weapons |
| 10:01 | Spirit Walker |
| 10:16 | Grunt |
| 10:42 | Healing Wave |
| 10:44 | Critical Strike |
| 10:59 | Orc Burrow |
| 11:01 | Thorium Melee Weapons |
| 11:16 | Fortress |
| 12:34 | Grunt |
| 12:35 | Spirit Walker |
| 13:24 | Great Hall |
| 13:56 | Tauren |
| 14:19 | Tauren Totem |
| 15:06 | Tauren |
| 15:07 | Pulverize |
| 15:50 | Tiny Great Hall |
| 16:17 | Spirit Walker Master Training |
| 16:31 | Peon |
| 16:31 | Peon |
| 16:31 | Peon |
| 16:32 | Peon |
| 16:32 | Peon |
| 17:48 | Tauren |
| 17:49 | Spirit Walker |
| 18:02 | Healing Wave |
| 18:23 | Wind Walk |
| 18:28 | Tauren |
53 units @ 8.3k
/ 1.1k
25 buildings @ 4.5k
/ 1.9k


| Healing Salve | 4 | 400 |
| Lesser Clarity Potion | 4 | 280 |
| Scroll of Speed | 2 | 100 |
| Orb of Lightning | 1 | 375 |
| Potion of Healing | 2 | 300 |
| Dust of Appearance | 1 | 75 |
| Scroll of Town Portal | 2 | 700 |
| Scroll of Protection | 1 | 150 |
| total: | 17 | 2380g |
| Peon | 7 | 525 | / | 0 |
| Grunt | 11 | 2200 | / | 0 |
| Raider | 5 | 900 | / | 200 |
| Spirit Walker | 5 | 975 | / | 175 |
| total: | 28 | 4600g | / | 375w |
| Altar of Storms | 1 | 180 | / | 50 |
| Orc Burrow | 5 | 800 | / | 200 |
| Barracks | 1 | 180 | / | 50 |
| Voodoo Lounge | 1 | 130 | / | 30 |
| War Mill | 1 | 205 | / | 0 |
| Beastiary | 1 | 145 | / | 140 |
| Tauren Totem | 1 | 135 | / | 155 |
| Stronghold | 1 | 315 | / | 190 |
| Fortress | 1 | 325 | / | 190 |
| total: | 11 | 1775g | / | 625w |
| 0:01 | Peon |
| 0:02 | Peon |
| 0:06 | Altar of Storms |
| 0:18 | Orc Burrow |
| 0:20 | Peon |
| 0:33 | Barracks |
| 0:42 | Peon |
| 0:54 | Peon |
| 1:14 | Peon |
| 1:25 | Orc Burrow |
| 1:35 | Grunt |
| 1:42 | Peon |
| 1:59 | Voodoo Lounge |
| 2:06 | Wind Walk |
| 2:17 | Grunt |
| 2:47 | Stronghold |
| 3:12 | Grunt |
| 3:26 | Orc Burrow |
| 4:11 | Grunt |
| 5:14 | Beastiary |
| 5:16 | Berserker Strength |
| 5:20 | Tauren Totem |
| 5:31 | Orc Burrow |
| 6:14 | Healing Salve |
| 6:14 | Lesser Clarity Potion |
| 6:14 | Scroll of Speed |
| 6:16 | Hex |
| 6:32 | Critical Strike |
| 7:08 | Raider |
| 7:08 | Ensnare |
| 7:24 | Spirit Walker |
| 7:32 | Fortress |
| 7:34 | Grunt |
| 8:02 | Dust of Appearance |
| 8:30 | Raider |
| 8:31 | Spirit Walker |
| 9:19 | Grunt |
| 9:20 | Raider |
| 9:22 | Spirit Walker |
| 9:36 | Healing Salve |
| 9:36 | Lesser Clarity Potion |
| 9:42 | Healing Wave |
| 9:50 | Scroll of Speed |
| 9:53 | Grunt |
| 10:02 | Spirit Walker Adept Training |
| 10:23 | Orc Burrow |
| 10:43 | Critical Strike |
| 11:01 | Orb of Lightning |
| 11:28 | Scroll of Town Portal |
| 11:32 | Scroll of Protection |
| 12:13 | Healing Wave |
| 12:46 | Grunt |
| 12:46 | Raider |
| 12:47 | Spirit Walker |
| 12:58 | Healing Salve |
| 13:35 | Grunt |
| 14:22 | Lesser Clarity Potion |
| 14:22 | Healing Salve |
| 14:25 | Potion of Healing |
| 14:26 | Potion of Healing |
| 14:42 | Raider |
| 14:43 | Grunt |
| 15:15 | War Mill |
| 16:25 | Grunt |
| 16:28 | Spirit Walker |
| 16:35 | Scroll of Town Portal |
| 16:37 | Lesser Clarity Potion |
| 18:09 | Hex |

| Staff of Preservation | 1 | 150 |
| Potion of Healing | 1 | 150 |
| Lesser Clarity Potion | 1 | 70 |
| Scroll of Town Portal | 2 | 700 |
| total: | 5 | 1070g |
| Wisp | 13 | 780 | / | 0 |
| Huntress | 4 | 780 | / | 80 |
| Dryad | 3 | 435 | / | 180 |
| Mountain Giant | 5 | 1750 | / | 500 |
| total: | 25 | 3745g | / | 760w |
| Altar of Elders | 1 | 180 | / | 50 |
| Moon Well | 5 | 900 | / | 200 |
| Ancient of War | 1 | 150 | / | 60 |
| Hunter's Hall | 1 | 210 | / | 100 |
| Ancient of Wonders | 1 | 90 | / | 30 |
| Tree of Life | 2 | 680 | / | 370 |
| Ancient of Lore | 3 | 465 | / | 435 |
| Tree of Ages | 1 | 320 | / | 180 |
| Tree of Eternity | 1 | 330 | / | 200 |
| total: | 14 | 2675g | / | 1245w |
| 0:02 | Wisp |
| 0:02 | Wisp |
| 0:09 | Altar of Elders |
| 0:17 | Moon Well |
| 0:18 | Wisp |
| 0:18 | Wisp |
| 0:28 | Wisp |
| 0:44 | Wisp |
| 1:22 | Wisp |
| 1:39 | Wisp |
| 1:40 | Wisp |
| 1:51 | Ancient of War |
| 1:57 | Hunter's Hall |
| 2:07 | Moon Well |
| 2:11 | Wisp |
| 2:12 | Wisp |
| 2:20 | Entangling Roots |
| 2:51 | Tree of Ages |
| 3:00 | Ultravision |
| 3:19 | Huntress |
| 3:19 | Huntress |
| 3:38 | Moon Well |
| 4:14 | Huntress |
| 4:25 | Huntress |
| 4:38 | Ancient of Wonders |
| 5:10 | Moon Well |
| 5:39 | Wisp |
| 5:39 | Wisp |
| 5:42 | Ancient of Lore |
| 5:43 | Ancient of Lore |
| 6:49 | Tree of Eternity |
| 7:08 | Dryad |
| 7:38 | Strength of the Wild |
| 7:40 | Abolish Magic |
| 8:01 | Dryad |
| 8:08 | Force of Nature |
| 8:19 | Moon Well |
| 8:24 | Mountain Giant |
| 9:13 | Hardened Skin |
| 9:13 | Resistant Skin |
| 9:54 | Mountain Giant |
| 10:24 | Improved Strength of the Wild |
| 10:27 | Entangling Roots |
| 10:55 | Tree of Life |
| 11:20 | Staff of Preservation |
| 11:30 | Potion of Healing |
| 12:12 | Mountain Giant |
| 12:54 | Well Spring |
| 13:10 | Reinforced Hides |
| 13:18 | Force of Nature |
| 13:20 | Mountain Giant |
| 14:33 | Ancient of Lore |
| 14:41 | Mountain Giant |
| 14:54 | Improved Reinforced Hides |
| 15:16 | Scroll of Town Portal |
| 15:16 | Lesser Clarity Potion |
| 16:01 | Tree of Life |
| 16:20 | Scroll of Town Portal |
| 18:02 | Dryad |